 Dungeon Crawl Stone Soup version 0.26-a0-201-gb271ac0e06 (webtiles) character file.

Game seed: 6781954862561168074

170 shadizar the Sneak (level 5, -2/38 HPs)
             Began as an Octopode Brigand on July 5, 2020.
             Slain by Eustachio
             ... wielding a +0 rapier
              (6 damage)
             ... on level 4 of the Dungeon.
             The game lasted 00:03:44 (3196 turns).

shadizar the Sneak (Octopode Brigand)               Turns: 3196, Time: 00:03:44

Health: -2/38      AC:  1    Str: 11    XL:     5   Next: 51%
Magic:  5/5        EV: 13    Int: 13    God:
Gold:   81         SH:  0    Dex: 14    Spells: 4/4 levels left

rFire    . . .     SeeInvis .   a - +2 dagger
rCold    . . .     Faith    +   (no shield)
rNeg     . . .     Spirit   .   (helmet restricted)
rPois    .         Reflect  .   i - amulet of faith
rElec    .         Harm     .   (no ring)
rCorr    .                      (no ring)
MR       .....                  (no ring)
Stlth    ++++......             (no ring)
HPRegen  0.12/turn              (no ring)
MPRegen  0.09/turn              (no ring)
                                (no ring)
                                (no ring)

@: no status effects
A: almost no armour, stealthy swim, amphibious, 8 rings, constrict 8, camouflage
1, gelatinous body 1
a: no special abilities


You were on level 4 of the Dungeon.
You were hungry.

You visited 1 branch of the dungeon, and saw 4 of its levels.

You collected 81 gold pieces.

Inventory:

Hand Weapons
 a - a +2 dagger (weapon)
Missiles
 b - 8 poisoned darts (quivered)
 c - 2 curare-tipped darts
Jewellery
 i - an amulet of faith (around mantle)
Scrolls
 e - 2 scrolls of magic mapping {unknown}
 f - 2 scrolls of teleportation {unknown}
 g - a scroll of identify {unknown}
 j - a scroll of remove curse {unknown}
 k - a scroll of enchant armour {unknown}
Potions
 h - a potion of degeneration {unknown}
 l - 2 potions of flight {unknown}
Comestibles
 d - 9 rations


   Skills:
 + Level 4.5 Fighting
 + Level 3.4 Short Blades
 - Level 2.0 Throwing
 + Level 1.3 Dodging
 + Level 5.5 Stealth


You had 4 spell levels left.
You didn't know any spells.
Your spell library was empty.

Dungeon Overview and Level Annotations

Branches:
Dungeon (4/15)
 Temple: D:4-7

Altars:
Ashenzari
Dithmenos
Elyvilon
Fedhas
Makhleb
Trog
Wu Jian
Xom
Zin

Annotations:
D:4 Eustachio


Innate Abilities, Weirdness & Mutations

You cannot wear most types of armour.
You are very stealthy in the water. (Stealth+)
You are amphibious.
You can wear up to eight rings at the same time.
You can use your tentacles to constrict eight enemies at once.
Your skin changes colour to match your surroundings (Stealth+).
Your rubbery body absorbs attacks. (AC +1, EV +1)


Message History

You constrict the orc wizard, but do no damage.
The orc misses you.
You hit the orc wizard.
You squeeze the orc wizard, but do no damage.
The orc wizard is lightly wounded.
You constrict the orc wizard. The orc wizard closely misses you.
You barely miss the orc wizard. You squeeze the orc wizard.
The orc wizard is moderately wounded.
You constrict the orc wizard.
The orc wizard points at you and mumbles some strange words.
The magic dart hits you!
* * * LOW HITPOINT WARNING * * *
The orc hits you but does no damage.
You release your grip on the orc wizard.
The orc wizard mumbles some strange words.
The orc wizard seems to speed up.
Eustachio gestures wildly while chanting.
Eustachio blinks!
Eustachio hits you with a +0 rapier.
You die...

#.@# #..# .# #..#
##.## #..# ...###
#..# ..... # #..#
...#
####.##..####.###.##
............@.......
#..ooo..@..###.#
......######......#
.###< ###.###### #
#.....# #.#.#.#
#.#.#... # #.#####
#..# ##.#


You could see Eustachio, an orc wizard (fast) and 2 orcs.

Vanquished Creatures
  A howler monkey (D:4)
  A hound (D:3)
  4 adders
  2 oozes
  A dart slug (D:4)
  An orc (D:3)
  3 giant cockroaches
  7 goblins
  4 hobgoblins
  12 jackals
  A quokka (D:3)
  5 bats
  3 frilled lizards
  3 kobolds
  5 rats
53 creatures vanquished.

Vanquished Creatures (others)
  An adder skeleton (D:3)
  2 orcs (D:3)
3 creatures vanquished.

Grand Total: 56 creatures vanquished

Notes
Turn   | Place    | Note
-------+----------+-------------------------------------------
     0 | D:1      | shadizar the Octopode Brigand began the quest for the Orb.
     0 | D:1      | Reached XP level 1. HP: 14/14 MP: 1/1
   170 | D:1      | Reached XP level 2. HP: 8/20 MP: 2/2
   715 | D:1      | HP: 1/20 [jackal (2)]
   857 | D:1      | Reached XP level 3. HP: 13/26 MP: 3/3
  1852 | D:2      | Found an ornate altar of the Wu Jian Council.
  1909 | D:2      | Reached XP level 4. HP: 25/33 MP: 4/4
  2549 | D:3      | Reached XP level 5. HP: 37/37 MP: 5/5
  2563 | D:3      | Found a shadowy altar of Dithmenos.
  2564 | D:3      | Found a blossoming altar of Fedhas.
  2565 | D:3      | Found a burning altar of Makhleb.
  2566 | D:3      | Found a bloodstained altar of Trog.
  2567 | D:3      | Found a shattered altar of Ashenzari.
  2596 | D:3      | Found a white marble altar of Elyvilon.
  2597 | D:3      | Found a shimmering altar of Xom.
  2636 | D:3      | Noticed an angel
  2637 | D:3      | Found a glowing silver altar of Zin.
  3035 | D:4      | Noticed Eustachio
  3196 | D:4      | Slain by Eustachio

Illustrated notes

Levels and vault maps discovered:
D:1:      roderic_crop_circles_arrival_small, layout_basic
D:2:      layout_loops_ring, lemuel_tele_altar
D:3:      layout_rooms, zin_angel, grunt_temple_overflow_open,
          chequers_temple_overflow_statue_of_worship, lemuel_flame_loot_1
D:4:      layout_loops_ring, uniq_eustachio

Skill      XL: |  1  2  3  4 |
---------------+-------------+-----
Fighting       | 3 4 |  4.5
Short Blades   | 3 |  3.4
Throwing       | |  2.0
Dodging        | |  1.3
Stealth        | |  5.5

Action                   |  1- 3 |  4- 6 || total
-------------------------+-------+-------++-------
Melee: Dagger            |    89 |    37 ||   126
       Constrict         |    26 |     7 ||    33
       Tentacles         |    16 |     4 ||    20
  Use: Potion            |     1 |       ||     1
 Stab: Sleeping          |     6 |     9 ||    15
  Eat: Chunk             |     3 |     3 ||     6
Armor: Skin              |    13 |     2 ||    15
Dodge: Dodged            |    61 |    11 ||    72

Table legend:
 A = Non-vault XP
 B = Vault XP
 C = Vault XP percentage of total XP
 D = Non-vault monster count
 E = Vault monster count
 F = Vault count percentage of total count
                 A         B        C        D         E       F
            +---------+---------+-------+---------+---------+-------
      Total |     244 |       0 |   0.0 |      53 |       0 |   0.0
            +---------+---------+-------+---------+---------+-------
        D:1 |      38 |       0 |   0.0 |      20 |       0 |   0.0
        D:2 |      66 |       0 |   0.0 |      18 |       0 |   0.0
        D:3 |      81 |       0 |   0.0 |      13 |       0 |   0.0
        D:4 |      59 |       0 |   0.0 |       2 |       0 |   0.0
            +---------+---------+-------+---------+---------+-------
